 Dungeon Crawl Stone Soup version 0.30-a0-777-ga9a30cbeda (webtiles) character file.

Game seed: 15649688562272513114

140 lunkers the Cutter (level 5, 0/67 HPs)
             Began as a Meteoran Fighter on Feb 13, 2023.
             Was an Initiate of Gozag.
             Succumbed to a scorpion's poison
             ... on level 3 of the Dungeon.
             The game lasted 00:03:33 (1164 turns).

lunkers the Cutter (Meteoran Fighter)               Turns: 1164, Time: 00:03:34

Health: 0/67       AC: 22    Str: 17    XL:     5   Next: 76%
Magic:  6/6        EV:  2    Int:  9    God:    Gozag
Gold:   104        SH:  5    Dex: 16    Spells: 4/4 levels left

rFire   . . .      SeeInvis .    a - +0 rapier
rCold   . . .      Faith    .    c - +0 buckler
rNeg    . . .      Spirit   .    (body armour currently unavailable)
rPois   +          Reflect  .    (helmet currently unavailable)
rElec   .          Harm     .    (cloak currently unavailable)
rCorr   .          Rampage  .    (gloves currently unavailable)
Will    .....      NoTele   +    (boots currently unavailable)
Stlth   +                        (no amulet)
HPRegen 0.31/turn                (no ring)
MPRegen 0.10/turn                (no ring)

@: mighty, lethally poisoned (0 -> 0), tree-form, gold aura, glowing
A: stationary, stasis, torment immunity, boosted hp, sense surroundings 1,
otherworldly, glowing, explore regen
a: Renounce Religion, Potion Petition, Call Merchant, Bribe Branch


You were on level 3 of the Dungeon.
You worshipped Gozag.
Gozag was aware of your devotion.
You were a tree.
You visited 1 branch of the dungeon, and saw 3 of its levels.

You collected 141 gold pieces.
You paid 37 gold pieces to Gozag.

Inventory:

Hand Weapons
 a - a +0 rapier (weapon)
Armour
 b - a +0 scale mail (melded)
 c - a +0 buckler (worn)
 k - a +0 helmet (melded)
Scrolls
 f - a scroll of torment {unknown}
 g - a scroll of fog {unknown}
 h - 2 scrolls of magic mapping {unknown}
 i - a scroll of identify {unknown}
 j - a scroll of noise {unknown}
 l - a scroll of enchant armour {unknown}


   Skills:
 - Level 3.2 Fighting
 + Level 5.8 Short Blades
 - Level 3.6 Armour
 - Level 3.6 Shields


You had 4 spell levels left.
You didn't know any spells.
Your spell library contained the following spells:

 Spells                   Type           Power      Damage    Failure   Level
 Borgnjor's Vile Clutch   Necr/Erth      0%         N/A       100%        5
 Death Channel            Necr           0%         N/A       100%        6
 Animate Dead             Necr           Unusable   N/A       N/A         4

Dungeon Overview and Level Annotations

Branches:
Dungeon (3/15) Zot: 600

Altars:
Gozag
Trog
Zin


Innate Abilities, Weirdness & Mutations

You are a tree.
Your roots penetrate the ground, keeping you stationary.
You cannot be teleported.
You are immune to unholy pain and torment.
Your maximum health is greatly increased.
Your equipment is partially melded.
You passively map a small area around you.
You are easily found by Zot.
You glow in the dark.
You regain HP and MP as you explore.


Message History

You kill the scorpion!
* * * LOW HITPOINT WARNING * * *
You feel very sick.
The jackal is distracted by your dazzling golden aura.
The jackal bites you but does no damage.
You have reached level 5!
The jackal barks!
You puncture the jackal!
You kill the jackal!
You feel sick.
You hear a shout!
You feel sick.
The jackal is no longer distracted by gold.
The jackal bites you but does no damage.
You see here 15 gold pieces.
You puncture the jackal!
You kill the jackal!
You feel sick.
The jackal is distracted by your dazzling golden aura.
A goblin comes into view. It is wielding a +0 club.
You feel sick.
You see here 3 gold pieces.
The jackal barks!
You puncture the jackal!
You kill the jackal!
You feel sick.
You hear a bark!
A jackal comes into view.
The goblin unwields a +0 club.
The goblin wields a +1 heavy sling.
The goblin shoots a sling bullet.
The sling bullet hits you.
* * * LOW HITPOINT WARNING * * *
It was a potion of lignification.
You turn into a tree.
Your +0 helmet melds into your body.
Your +0 scale mail melds into your body.
Your roots penetrate the ground.
* * * LOW HITPOINT WARNING * * *
You feel sick.
You cannot move.
You die...
Your body crumbles into a pile of gold.

,#.# ,
#.#..#.# * ,
*#.##...# *
#.###..# * *
#......# *
#####.## * #.#
, #.# * ,
.##########.#
.h.g..$♣$...#
*
*...##########
* * ,* ,, , ,
, , * , * , *
* * ,


You could see a jackal and a goblin.

Vanquished Creatures
  A scorpion (D:3)
  2 adders (D:2)
  2 worms (D:2)
  An orc (D:3)
  5 ball pythons
  5 bats
  4 endoplasms
  2 giant cockroaches
  9 goblins
  3 hobgoblins (D:1)
  7 jackals (D:3)
  4 kobolds
  2 quokkas (D:1)
  2 frilled lizards (D:3)
49 creatures vanquished.

Notes
Turn   | Place    | Note
-------+----------+-------------------------------------------
     0 | D:1      | lunkers the Meteoran Fighter began the quest for the Orb.
     0 | D:1      | Reached XP level 1. HP: 19/19 MP: 2/2
    34 | D:1      | Reached XP level 2. HP: 26/26 MP: 3/3
   135 | D:1      | Reached skill level 3 in Short Blades
   235 | D:1      | Reached XP level 3. HP: 31/31 MP: 4/4
   391 | D:2      | Reached skill level 4 in Short Blades
   512 | D:2      | Found a glowing silver altar of Zin.
   534 | D:2      | Reached XP level 4. HP: 33/38 MP: 5/5
   975 | D:3      | Found an opulent altar of Gozag.
   978 | D:3      | Found a bloodstained altar of Trog.
   990 | D:3      | Became a worshipper of Gozag Ym Sagoz the Greedy
  1140 | D:3      | Reached skill level 5 in Short Blades
  1148 | D:3      | Noticed a scorpion
  1157 | D:3      | Killed a scorpion
  1158 | D:3      | Reached XP level 5. HP: 11/45 MP: 6/6
  1162 | D:3      | HP: 1/45 [goblin/sling bullet (5)]
  1164 | D:3      | Succumbed to a scorpion's poison

Illustrated notes

Levels and vault maps discovered:
D:1:      dpeg_arrival_morbid_curiosity, layout_basic, minmay_hexomino_p4
D:2:      wander_river, layout_loops_cross, basic_altar
D:3:      layout_loops_cross, grunt_temple_overflow_open

Skill      XL: |  1  2  3  4 |
---------------+-------------+-----
Short Blades   | 3 4 5 |  5.8
Fighting       | |  3.2
Armour         | |  3.6
Shields        | |  3.6

Action                     |  1- 3 |  4- 6 || total
---------------------------+-------+-------++-------
  Melee: Rapier            |    66 |    75 ||   141
    Use: Potion            |       |     2 ||     2
 Armour: Scale mail        |    37 |    36 ||    73
  Dodge: Dodged            |    23 |    23 ||    46
  Block: Buckler           |    15 |    10 ||    25

Table legend: (Time is in decaauts)
 A = Elapsed time spent in this place.
 B = Non-inter-level travel time spent in this place.
 C = Inter-level travel time spent in this place.
 D = Time resting spent in this place.
 E = Time spent auto-exploring this place.
 F = Levels seen in this place.
 G = Mean time per level.
                   A        B        C        D        E       F      G
               +--------+--------+--------+--------+--------+-----+--------+
         Total |   1199 |   1177 |     22 |      0 |    872 |   3 |  399.7 |
       Dungeon |   1199 |   1177 |     22 |      0 |    872 |   3 |  399.7 |
               +--------+--------+--------+--------+--------+-----+--------+

Top non-repeatable levels by time:
     D:2: 566 daAuts
     D:3: 336 daAuts
     D:1: 296 daAuts
